AoeStats
← [JaMx] K@l-El

Nomad

509024378Analyzed
4v4 RM · 8d ago on Sep 25, 2026· 41m 4s· 8 players
Game mode
Random Map
Map size
231×231
Population
200
Speed
Normal
Resources
Standard
Victory
Conquest
Starting age
Dark Age
Ending age
Imperial Age
RankedLock teamsTeams togetherTeam positionsShared explorationLock speedFull tech treeHidden civsTurbo modeCheats
Victory
Defeat
🇲🇽 Persians · Mexico
1504
+11
🇵🇱 Italians · Poland
1440
+14
🇲🇽 Dravidians · Mexico
1388
+16
🇲🇽 Mongols · Mexico
1384
+15
🇲🇽 Varangians · Mexico
1410
-15
🇲🇽 Danes · Mexico
1407
-15
🇹🇼 Danes · Taiwan
1370
-13
🇬🇹 Mongols · Guatemala
1355
-13
:) YO30830
6:22 Loom
14:12 Feudal Age
20:00 Castle Age
19:42 Bloodlines
23:42 Scale Barding Armor
29:02 Gambesons
32:32 Scale Mail Armor
:) Tu tu ruuuu
6:04 Loom
14:21 Feudal Age
15:04 Double-Bit Axe
20:01 Castle Age
19:32 Wheelbarrow
18:55 Gold Mining
19:01 Fishing Lines
21:11 Bow Saw
22:28 Medium Warships
24:49 Arson
32:01 Squires
38:03 Imperial Age
37:08 Horse Collar
38:06 Ballistics
38:20 Scale Mail Armor
38:20 Onager
murphykz2322
4:28 Loom
7:13 Loom
14:21 Feudal Age
14:52 Feudal Age
15:46 Double-Bit Axe
16:06 Town Watch
18:40 Castle Age
16:32 Fishing Lines
19:46 Bow Saw
20:07 Horse Collar
21:35 Wheelbarrow
22:46 Scale Mail Armor
28:57 Chain Mail Armor
29:21 Squires
31:25 Forging
37:16 Imperial Age
36:16 Iron Casting
37:13 Hand Cart
36:53 Man-at-Arms
37:21 Arson
38:36 Plate Mail Armor
38:24 Elite Varangian Guard
40:15 Blast Furnace
39:16 Hamask
40:26 Fletching
39:58 Man-at-Arms
D==D.Trooper
4:52 Loom
14:58 Feudal Age
19:07 Castle Age
20:54 Wheelbarrow
20:27 Town Watch
25:18 Double-Bit Axe
26:18 Horse Collar
26:51 Bow Saw
27:53 Fletching
31:37 Hand Cart
33:03 Gold Mining
34:31 Gold Shaft Mining
[JaMx] K@l-El
5:20 Loom
12:37 Feudal Age
17:37 Castle Age
17:06 Fletching
18:10 Double-Bit Axe
22:14 Padded Archer Armor
27:34 Ballistics
33:30 Imperial Age
32:35 Wheelbarrow
33:01 Bodkin Arrow
33:25 Bow Saw
34:36 Thumb Ring
34:10 Capped Ram
35:44 Gold Mining
36:07 Siege Ram
38:46 Chemistry
38:11 Bracer
38:26 Leather Archer Armor
39:06 Bloodlines
39:56 Forging
39:51 Scale Barding Armor
Jalayas
7:59 Loom
13:19 Feudal Age
13:58 Gold Mining
15:36 Fishing Lines
17:33 Double-Bit Axe
21:49 Castle Age
23:04 Scale Barding Armor
23:09 Forging
23:05 Husbandry
23:15 Bloodlines
23:38 Bow Saw
24:55 Horse Collar
26:48 Heavy Plow
29:04 Fletching
29:34 Chain Barding Armor
30:43 Stone Mining
31:29 Gold Shaft Mining
33:20 Wheelbarrow
32:31 Town Watch
36:59 Iron Casting
37:16 Hand Cart
38:27 Gillnets
42:00 Imperial Age
40:12 Light Cavalry
[JaMx] Jack-Dani-els
5:00 Loom
14:22 Feudal Age
15:02 Double-Bit Axe
17:55 Fletching
22:05 Castle Age
20:51 Horse Collar
21:03 Gold Mining
23:07 Town Watch
25:20 Wheelbarrow
31:32 Scale Mail Armor
41:12 Bow Saw
41:05 Heavy Plow
AfricanNija
5:19 Loom
13:41 Feudal Age
15:10 Double-Bit Axe
17:55 Castle Age
16:42 Double-Bit Axe
16:48 Stone Mining
18:54 Town Watch
21:46 Bow Saw
21:44 Fletching
23:31 Bodkin Arrow
25:37 Gold Mining
26:41 Padded Archer Armor
27:31 Wheelbarrow
29:17 Horse Collar
34:05 Ballistics
36:18 Imperial Age
34:20 Murder Holes
34:36 Masonry
35:37 Heavy Plow
37:04 Leather Archer Armor
37:43 Hand Cart
39:15 Chemistry
39:13 Conscription
39:29 Bracer
39:40 Forging
40:39 Ring Archer Armor
40:40 Squires
41:38 Scale Mail Armor
Connection lost

Rejoining the realm…

Still unreachable

The connection could not be restored.

Session expired

The server has moved on; the page needs a fresh start.